 Dungeon Crawl Stone Soup version 0.23.2-40-g277498a001 (webtiles) character file.

Game seed: 11318401046910905789

63 Descartes the Insei (level 4, -3/22 HPs)
             Began as a Vine Stalker Transmuter on Oct 2, 2019.
             Slain by a gnoll
             ... wielding a +0 flail
              (12 damage)
             ... on level 2 of the Dungeon.
             The game lasted 00:04:44 (1963 turns).

Descartes the Insei (Vine Stalker Transmuter)       Turns: 1963, Time: 00:04:45

Health: -3/22      AC:  3    Str: 12    XL:     4   Next: 9%
Magic:  0/9        EV: 12    Int: 14    God:
Gold:   128        SH:  0    Dex: 15    Spells: 7/8 levels left

rFire    . . .     SeeInvis .     - Unarmed
rCold    . . .     Gourm    .   (no shield)
rNeg     . . .     Faith    .   b - +0 robe
rPois    .         Spirit   +   (no helmet)
rElec    .         Reflect  .   (no cloak)
rCorr    .         Harm     .   e - +0 pair of gloves
MR       .....                  (no boots)
Stlth    ++........             (no amulet)
HPRegen  0.47/turn              (no ring)
MPRegen  0.11/turn              (no ring)

@: appendage (expiring)
A: fangs 2, horns 2, regeneration 1, magic shield, antimagic bite, no potion
heal 3, rot immunity
a: End Transformation


You were on level 2 of the Dungeon.
You were not hungry.
You had grown temporary horns.
You visited 1 branch of the dungeon, and saw 2 of its levels.

You collected 128 gold pieces.

Inventory:

Missiles
 a - 12 arrows
 g - 4 needles of sleeping
Armour
 b - a +0 robe (worn)
 e - a +0 pair of gloves (worn)
Scrolls
 i - a scroll of fear {unknown}
 j - 2 scrolls of identify {unknown}
 k - a scroll of enchant weapon {unknown}
 m - a scroll of amnesia {unknown}
Potions
 c - a potion of brilliance
 f - a potion of resistance {unknown}
 h - a potion of mutation {unknown}
 l - a potion of degeneration {unknown}
Comestibles
 d - 2 rations


   Skills:
 + Level 1.1 Fighting
 + Level 1.7 Dodging
 + Level 0.7 Stealth
 * Level 3.8 Unarmed Combat
 + Level 2.7 Spellcasting
 * Level 2.5 Transmutations


You had 7 spell levels left.
You knew the following spells:

 Your Spells              Type           Power        Failure   Level  Hunger
a - Beastly Appendage     Tmut           #.....       8%          1    #......

Your spell library contained the following spells:

 Spells                   Type           Power        Failure   Level  Hunger
 Sticks to Snakes         Tmut           #.......     12%         2    ###....
 Spider Form              Tmut/Pois      #.........   36%         3    ###....
 Ice Form                 Ice/Tmut       #.......     78%         4    #####..
 Blade Hands              Tmut           #.........   91%         5    ######.


Dungeon Overview and Level Annotations

Branches:
Dungeon (2/15)

Altars:
Ashenzari
Nemelex Xobeh

Annotations:
D:2 Natasha, Terence


Innate Abilities, Weirdness & Mutations

You have extremely sharp teeth.
Your natural rate of healing is unusually fast.
When hurt, damage is shared between your health and your magic reserves.
Your bite disrupts and absorbs the magic of your enemies.
Potions cannot restore your health.
You are immune to rotting.
You have a pair of horns on your head.


Message History

You hit the gnoll.
The gnoll is moderately wounded.
The gnoll hits you but does no damage.
You closely miss the gnoll. Your bite misses the gnoll.
The gnoll is moderately wounded.
The gnoll barely misses you.
You hit the gnoll. You punch the gnoll.
The gnoll is severely wounded.
Your transformation is almost over.
You hit the gnoll but do no damage.
The gnoll is severely wounded.
The gnoll barely misses you.
You hit the gnoll.
The gnoll is almost dead.
The gnoll hits you with a +0 flail.
You closely miss the gnoll.
The gnoll is almost dead.
The gnoll hits you with a +0 flail!
Ouch! That really hurt!
You die...

##.....# #.<.# .#
#...####h#.##.## .P ♣♣
#.##..........# ...♣.♣
#....5........♣ #...P.##
##.##.#.#.###♣♣ ##......
#.##+#.#....♣ .......
#.#........#♣♣♣ ####.#.#.
..#........#♣P♣ #......(.
###........#@♣ .#........
#........#g# ..#.#..#...
#........#g# #.#......## #
##########g#####.P#.#....# ##
#@..#P..P# #....## .##
#.#..PP♣.# #.....#
..##############..@.♣PP.#
#...>.#
#...................P...#
#..##..
##.......#######..P♣....#....
#.#


You could see Terence, 2 gnolls and a goblin.

Vanquished Creatures
  2 adders (D:2)
  A gnoll (D:2)
  An ooze (D:1)
  2 dart slugs (D:1)
  5 bats
  2 giant cockroaches
  5 goblins
  2 hobgoblins (D:1)
  A kobold (D:1)
  5 rats
26 creatures vanquished.

Notes
Turn   | Place    | Note
-------+----------+-------------------------------------------
     0 | D:1      | Descartes the Vine Stalker Transmuter began the quest for
                  | the Orb.
     0 | D:1      | Reached XP level 1. HP: 9/9 MP: 4/4
   160 | D:1      | Reached XP level 2. HP: 12/14 MP: 6/6
   281 | D:1      | Reached skill level 1 in Fighting
   572 | D:1      | Reached XP level 3. HP: 17/18 MP: 7/7
   806 | D:2      | Found a shattered altar of Ashenzari.
   806 | D:2      | Noticed Natasha
  1139 | D:2      | Noticed Terence
  1718 | D:2      | Found a sparkling altar of Nemelex Xobeh.
  1910 | D:2      | Gained mutation: Your natural rate of healing is unusually
                  | fast. [Vine Stalker growth]
  1910 | D:2      | Reached XP level 4. HP: 15/22 MP: 5/9
  1963 | D:2      | Slain by a gnoll

Skill      XL: |  1  2 |
---------------+-------+-----
Fighting       | 1 |  1.1
Dodging        | |  1.7
Stealth        | |  0.7
Unarmed Combat | |  3.8
Spellcasting   | |  2.7
Transmutations | |  2.5

Action                   |  1- 3 |  4- 6 || total
-------------------------+-------+-------++-------
Melee: Unarmed           |   101 |     8 ||   109
       Bite              |    18 |     1 ||    19
       Headbutt          |     4 |       ||     4
       Punch             |     1 |     1 ||     2
 Cast: Beastly Appendage |     6 |     1 ||     7
  Use: Potion            |     2 |       ||     2
  Eat: Ration            |     1 |       ||     1
Armor: Robe              |    26 |     1 ||    27
Dodge: Dodged            |    83 |     3 ||    86
